Description

Adept-Glaives timing attack

VOD

https://www.youtube.com/watch?v=CgGVSIKiUn0

Build Order

Why is there no SALT encoding or Overwolf build?

  14  0:18  Pylon  
  16  0:38  Gateway (Chrono Boost)  Nexus Chrono
  17  0:48  Assimilator  
  20  1:25  Nexus  
  20  1:35  Cybernetics Core  
  21  1:43  Assimilator  
  22  1:53  Pylon  
  24  2:12  Adept (Chrono Boost)  
  26  2:16  Stargate  
  27  2:25  Warp Gate  
  29  2:32  Adept  
  34  3:00  Oracle (Chrono Boost)  
  37  3:01  Adept  
  39  3:10  Dark Pylon  
  46  3:30  Void Ray  stop probe 36(2 base probe 12~13)
  49  3:46  Pylon, Nexus  
  51  3:56  Twilight Council  
  51  4:05  Gateway x3  start probe again
  57  4:33  Resonating Glaives (Chrono Boost)  steady product adept
  57  4:36  Assimilator x2, Forge  
    5:33  Protoss Ground Weapons Level 1  Adept Rush
Spawning Tool Build Advisor. Get it on Overwolf

Analysis

strong: fast lair, queen ling, fast hydra weak: roach timing, baneling

Go to:

Details

  • Created by: lightfree
  • Published on: Jun 30, 2024
  • Modified on: Jun 30, 2024
  • Patch: 5.0.11
  • Difficulty: Easy
Show

Export as new Build Order

Comments (0)

There are no comments. Be the first!

Create an account to comment!